 Dungeon Crawl Stone Soup version 0.29.1-15-g9cfb28693d (webtiles) character file.

Game seed: 7430864008296345812

359 iamoutofideas the Chopper (level 6, -6/53 HPs)
             Began as a Hill Orc Monk on Apr 24, 2023.
             Splashed by a jelly's acid (8 damage)
             ... on level 4 of the Dungeon.
             The game lasted 00:04:11 (3330 turns).

iamoutofideas the Chopper (Hill Orc Monk)           Turns: 3330, Time: 00:04:11

Health: -6/53      AC:  0    Str: 16    XL:     6   Next: 65%
Magic:  6/6        EV:  5    Int: 10    God:
Gold:   163        SH:  0    Dex: 13    Spells: 5/5 levels left

rFire   . . .      SeeInvis .   a - +0 hand axe
rCold   . . .      Faith    .   (no shield)
rNeg    . . .      Spirit   .   e - +0 plate armour
rPois   .          Reflect  .   g - +0 helmet
rElec   .          Harm     .   (no cloak)
rCorr   .          Rampage  .   (no gloves)
Will    .....                   (no boots)
Stlth   ..........              (no amulet)
HPRegen 0.17/turn               (no ring)
MPRegen 0.10/turn               (no ring)

@: corroded
A: no striking features
a: no special abilities


You were on level 4 of the Dungeon.
You visited 1 branch of the dungeon, and saw 4 of its levels.

You collected 163 gold pieces.

Inventory:

Hand Weapons
 a - a +0 hand axe (weapon)
Missiles
 m - 4 curare-tipped darts (quivered)
Armour
 b - a +0 robe
 e - a +0 plate armour (worn)
 g - a +0 helmet (worn)
Scrolls
 d - a scroll of blinking
 i - a scroll of magic mapping {unknown}
 j - a scroll of enchant armour {unknown}
 k - a scroll of enchant weapon
 l - a scroll of poison {unknown}
 n - a scroll of immolation
 o - 2 scrolls of teleportation {unknown}
 p - 3 scrolls of butterflies {unknown}
 q - 2 scrolls of identify
Potions
 c - a potion of ambrosia
 f - a potion of curing
 h - a potion of heal wounds {unknown}
 r - a potion of mutation {unknown}


   Skills:
 + Level 4.6 Fighting
 * Level 7.5 Axes
 + Level 3.3 Armour
 + Level 2.7 Dodging
 - Level 1.6 Stealth


You had 5 spell levels left.
You didn't know any spells.
Your spell library contained the following spells:

 Spells                   Type           Power      Damage    Failure   Level
 Sandblast                Erth           0%         2d4       100%        1
 Shock                    Conj/Air       0%         1d3       100%        1
 Slow                     Hex            0%         N/A       100%        1
 Passwall                 Tmut/Erth      0%         N/A       100%        2
 Confusing Touch          Hex            0%         N/A       100%        3
 Ozocubu's Armour         Ice            0%         N/A       100%        3
 Stone Arrow              Conj/Erth      0%         3d7       100%        3
 Swiftness                Air            0%         N/A       100%        3
 Vampiric Draining        Necr           0%         2d6       100%        3
 Airstrike                Air            0%         2d(0-16)  100%        4
 Ozocubu's Refrigeration  Ice            0%         4d7       100%        7


Dungeon Overview and Level Annotations

Branches:
Dungeon (4/15)
 Temple: D:4-7

Altars:


Message History

The adder is moderately wounded.
The adder bites you but does no damage.
You hit the adder.
The adder is severely wounded.
The adder bites you but does no damage.
An adder is nearby!
You hit the adder.
You kill the adder!
A jelly comes into view.
The jelly quivers.
Found a runed iron wand.
A jelly is nearby!
A jelly is nearby!
The jelly hits you but does no damage.
A jelly is nearby!
You hit the jelly but do no damage.
Your hands burn!
The jelly barely misses you.
You slash the jelly! The acid corrodes you!
Your hands burn!
The jelly is heavily wounded.
The jelly hits you. The acid corrodes you!
You are splashed with acid!
You hit the jelly. The acid corrodes you!
Your hands burn!
The jelly is severely wounded.
You hit the jelly but do no damage.
Your hands burn!
The jelly is severely wounded.
The jelly hits you.
You are splashed with acid!
You hit the jelly.
Your hands burn!
* * * LOW HITPOINT WARNING * * *
The jelly is almost dead.
The jelly hits you.
* * * LOW HITPOINT WARNING * * *
You are splashed with acid!
* * * LOW HITPOINT WARNING * * *
Okay, then.
Okay, then.
Okay, then.
The jelly jiggles.
The jelly attacks as you move away! The jelly hits you.
* * * LOW HITPOINT WARNING * * *
You are splashed with acid!
You die...

...........# ....#......#
...........# ...........#
...........####
.......[...............##
..................#.###.#
#..#...#...##..#J.#.# #.#
...............#@†#.# #.#
...#.......##..#..#.# #.#
##.#..#...###..#..#.###.##
##.#.....................#
##.....#..###..#..#####.##
..>............#..# #.#
..............##..# #.#
##.##.##..###.##..# #.#
##.##.##..# #.##..# #.#


You could see a jelly.

Vanquished Creatures
  Sigmund (D:3)
  A phantom (D:4)
  Terence (D:2)
  2 adders
  A worm (D:2)
  3 dart slugs
  5 orcs
  6 endoplasms
  7 giant cockroaches
  7 goblins
  6 hobgoblins
  5 kobolds
  2 quokkas (D:1)
  4 ball pythons
  9 bats
  6 frilled lizards
  5 rats
71 creatures vanquished.

Notes
Turn   | Place    | Note
-------+----------+-------------------------------------------
     0 | D:1      | iamoutofideas the Hill Orc Monk began the quest for the
                  | Orb.
     0 | D:1      | Reached XP level 1. HP: 19/19 MP: 1/1
   195 | D:1      | Reached XP level 2. HP: 27/27 MP: 2/2
   575 | D:1      | Reached XP level 3. HP: 33/33 MP: 3/3
  1168 | D:2      | Reached skill level 5 in Axes
  1304 | D:2      | Reached skill level 1 in Armour
  1482 | D:2      | Reached XP level 4. HP: 35/40 MP: 4/4
  1821 | D:2      | Noticed Terence
  1832 | D:2      | Killed Terence
  2261 | D:3      | Noticed Sigmund
  2299 | D:3      | Killed Sigmund
  2300 | D:3      | Reached skill level 7 in Axes
  2300 | D:3      | Reached XP level 5. HP: 27/47 MP: 5/5
  2300 | D:3      | Reached XP level 6. HP: 31/53 MP: 6/6
  3325 | D:4      | HP: 2/53 [acid (10)]
  3330 | D:4      | HP: 2/53 [jelly (1)]
  3330 | D:4      | Splashed by a jelly's acid

Illustrated notes

Levels and vault maps discovered:
D:1:      minmay_arrival_semitransparent, layout_basic
D:2:      layout_rooms, minmay_indecisive_spiral, uniq_terence
D:3:      layout_basic, grunt_ministairs_14, chequers_jeans,
          minmay_crystal_water, uniq_sigmund
D:4:      layout_basic, minmay_temple_entry_junction, minmay_close_crescents,
          uniq_natasha

Skill      XL: |  1  2  3  4 |
---------------+-------------+-----
Fighting       | 4 |  4.6
Axes           | 5 7 |  7.5
Armour         | 1 3 |  3.3
Dodging        | |  2.7
Stealth        | |  1.6

Action                   |  1- 3 |  4- 6 || total
-------------------------+-------+-------++-------
Melee: Hand axe          |   142 |   142 ||   284
       Punch             |     3 |       ||     3
  Use: Scroll            |     2 |     2 ||     4
       Potion            |       |     3 ||     3
Armor: Plate armour      |   118 |    91 ||   209
       Robe              |     3 |       ||     3
Dodge: Dodged            |    26 |    31 ||    57
